AoeStats
← grandma.

Four Lakes

503564113Analyzed
3v3 RM · 29d ago on Sep 1, 2026· 65m 9s· 6 players
Game mode
Random Map
Map size
Normal (6 player)
Population
200
Speed
Normal
Resources
Standard
Victory
Conquest
Starting age
Dark Age
Ending age
Imperial Age
RankedLock teamsTeams togetherTeam positionsShared explorationLock speedFull tech treeHidden civsTurbo modeCheats
Victory
Defeat
🇩🇪 Teutons · Germany
1051
+10
🇩🇪 Britons · Germany
893
+51
🇩🇪 Teutons · Germany
847
+28
🇦🇺 Japanese · Australia
1048
-21
🇹🇷 Britons · Türkiye
892
-14
🇦🇺 Persians · Australia
838
-12
worgdog
0:29 Loom
11:27 Feudal Age
18:19 Castle Age
16:24 Horse Collar
17:46 Double-Bit Axe
17:58 Gold Mining
20:51 Bow Saw
20:44 Heavy Plow
21:36 Stone Mining
22:24 Gold Shaft Mining
21:13 Crossbowman
24:37 Fishing Lines
26:44 Padded Archer Armor
26:34 Fletching
26:42 Elite Skirmisher
27:52 Ballistics
28:24 Leather Archer Armor
28:05 Bodkin Arrow
28:32 Gillnets
32:29 Imperial Age
30:24 Squires
31:32 Yeomen
31:31 Masonry
31:52 Fortified Wall
31:39 Murder Holes
33:39 Conscription
33:25 Bracer
33:46 Caravan
33:22 Pikeman
35:34 Ring Archer Armor
39:35 Elite Longbowman
41:01 Hoardings
41:57 Chemistry
40:22 Halberdier
44:18 Wheelbarrow
43:59 Siege Engineers
45:37 Two-Man Saw
49:53 Hand Cart
grandma.
3:23 Loom
11:09 Feudal Age
11:38 Double-Bit Axe
11:36 Horse Collar
15:50 Gold Mining
15:51 Stone Mining
16:40 Wheelbarrow
15:54 Town Watch
16:44 Wheelbarrow
24:30 Castle Age
25:25 Hand Cart
25:10 Town Patrol
25:14 Heavy Plow
25:26 Bow Saw
26:03 Stone Shaft Mining
26:04 Gold Shaft Mining
26:02 Arson
26:17 Squires
26:03 Gambesons
27:54 Crossbowman
28:39 Thumb Ring
27:54 Elite Skirmisher
27:57 Man-at-Arms
30:20 Long Swordsman
30:20 Pikeman
34:36 Kamandaran
35:05 Thumb Ring
34:24 Pikeman
35:06 Husbandry
35:17 Bloodlines
34:27 Light Cavalry
35:03 Fletching
35:13 Padded Archer Armor
35:13 Scale Mail Armor
35:19 Scale Barding Armor
35:24 Forging
40:57 Iron Casting
40:37 Chain Mail Armor
43:55 Imperial Age
42:09 Parthian Tactics
42:42 Chain Barding Armor
42:37 Chain Mail Armor
42:37 Leather Archer Armor
43:39 Ballistics
45:01 Halberdier
46:47 Two-Man Saw
46:06 Caravan
46:20 Guilds
46:42 Coinage
47:43 Crop Rotation
47:52 Gold Shaft Mining
48:26 Chemistry
47:38 Masonry
59:41 Elite War Elephant
60:57 Hoardings
59:53 Sappers
GayBastard
12:01 Feudal Age
14:16 Wheelbarrow
13:50 Double-Bit Axe
15:08 Gold Mining
18:25 Man-at-Arms
19:55 Stone Mining
23:14 Castle Age
22:23 Fishing Lines
22:39 Arson
23:08 Forging
24:00 Squires
24:03 Scale Mail Armor
24:42 Hand Cart
24:42 Gambesons
24:18 Long Swordsman
26:23 Iron Casting
29:57 Pikeman
30:36 Town Watch
33:06 Bow Saw
33:49 Fletching
34:16 Elite Skirmisher
35:21 Padded Archer Armor
37:44 Bodkin Arrow
38:23 Gillnets
39:22 Leather Archer Armor
39:22 Chain Mail Armor
40:34 Thumb Ring
47:44 Horse Collar
53:30 Imperial Age
54:31 Gold Shaft Mining
54:17 Bracer
55:16 Conscription
55:08 Heavy Plow
56:15 Chemistry
56:11 Onager
59:08 Blast Furnace
57:30 Halberdier
60:11 Plate Mail Armor
62:32 Two-Man Saw
62:09 Ballistics
62:05 Murder Holes
TTVxPublicNerdBros
0:28 Loom
10:25 Feudal Age
19:21 Castle Age
18:15 Double-Bit Axe
18:18 Horse Collar
20:13 Wheelbarrow
25:37 Bow Saw
25:19 Gold Mining
25:19 Stone Mining
25:25 Stone Mining
32:35 Imperial Age
30:33 Heavy Plow
30:48 Forging
30:44 Scale Barding Armor
32:46 Bloodlines
32:43 Cavalier
33:48 Fortified Wall
34:55 Conscription
36:10 Iron Casting
35:55 Chain Barding Armor
38:16 Elite Skirmisher
40:02 Fletching
40:21 Padded Archer Armor
41:56 Bodkin Arrow
42:16 Leather Archer Armor
45:07 Ring Archer Armor
45:37 Blast Furnace
44:46 Siege Engineers
46:44 Chemistry
46:04 Ballistics
45:51 Paladin
50:44 Arson
50:59 Squires
50:20 Pikeman
51:57 Gambesons
51:32 Man-at-Arms
58:50 Scale Mail Armor
59:26 Plate Barding Armor
59:23 Crop Rotation
59:15 Bombard Tower
60:03 Two-Man Saw
60:05 Crenellations
60:17 Caravan
60:28 Guilds
MaselDMonkey
6:58 Loom
9:58 Feudal Age
11:11 Double-Bit Axe
14:48 Forging
14:44 Scale Barding Armor
17:49 Bloodlines
24:36 Castle Age
34:30 Stone Mining
34:32 Gold Mining
37:59 Imperial Age
35:27 Horse Collar
38:13 Stone Shaft Mining
40:21 Chemistry
39:42 Ballistics
46:30 Illumination
49:14 Block Printing
52:12 Wheelbarrow
54:31 Elite Skirmisher
57:53 Caravan
63:48 Fletching
63:58 Padded Archer Armor
64:35 Iron Casting
64:00 Scale Mail Armor
64:20 Chain Barding Armor
Scott Unfair
0:26 Loom
11:34 Feudal Age
13:45 Double-Bit Axe
18:46 Castle Age
18:36 Fishing Lines
20:26 Horse Collar
24:10 Gold Mining
24:33 Bow Saw
25:15 Wheelbarrow
24:27 Town Watch
25:11 Heavy Plow
25:42 Fletching
26:19 Crossbowman
30:11 Murder Holes
30:58 Ballistics
30:36 Gillnets
31:20 Bodkin Arrow
31:27 Scale Mail Armor
33:23 Gold Shaft Mining
33:28 Hand Cart
35:00 Padded Archer Armor
35:16 Chain Mail Armor
34:25 Pikeman
35:05 Squires
36:38 Fortified Wall
36:20 Treadmill Crane
36:08 Elite Skirmisher
40:15 Imperial Age
37:53 Stone Mining
39:43 Yeomen
41:02 Town Patrol
41:05 Bracer
41:21 Leather Archer Armor
41:15 Arbalester
43:23 Caravan
43:01 Halberdier
50:37 Chemistry
49:42 Siege Engineers
51:13 Two-Man Saw
51:34 Conscription
51:51 Ring Archer Armor
51:52 Plate Mail Armor
51:32 Forging
59:00 Guilds
60:38 Iron Casting
Connection lost

Rejoining the realm…

Still unreachable

The connection could not be restored.

Session expired

The server has moved on; the page needs a fresh start.